 Dungeon Crawl Stone Soup version 0.28-a0-556-gab23d0e057 (webtiles) character file.

Game seed: 14183424591337908380

1152 bande the Chopper (level 8, -4/49 HPs)
             Began as a Gargoyle Fighter on Sept 28, 2021.
             Was a Believer of Okawaru.
             Slain by an ogre (7 damage)
             ... on level 6 of the Dungeon.
             The game lasted 00:07:33 (6405 turns).

bande the Chopper (Gargoyle Fighter)                Turns: 6405, Time: 00:07:34

Health: -4/49      AC: 19    Str: 20    XL:     8   Next: 38%
Magic:  10/10      EV:  6    Int: 10    God:    Okawaru [**....]
Gold:   202        SH:  4    Dex: 10    Spells: 7/7 levels left

rFire   . . .      SeeInvis .   a - +0 war axe
rCold   . . .      Faith    .   c - +0 buckler
rNeg    + . .      Spirit   .   p - +0 plate armour
rPois   ∞          Reflect  .   (no helmet)
rElec   +          Harm     .   e - +0 cloak
rCorr   .          Rampage  .   (no gloves)
Will    .....                   (no boots)
Stlth   ..........              (no amulet)
HPRegen 0.16/turn               (no ring)
MPRegen 0.12/turn               (no ring)

@: no status effects
A: sickness immunity, AC +5, negative energy resistance 1, electricity
resistance, torment resistance 1, petrification resistance
a: Renounce Religion, Heroism


You were on level 6 of the Dungeon.
You worshipped Okawaru.
Okawaru was pleased with you.
You visited 1 branch of the dungeon, and saw 6 of its levels.

You collected 202 gold pieces.

Inventory:

Hand Weapons
 a - a +0 war axe (weapon)
 j - the +3 flail "Ecoagaor" {vorpal, rPois rF+ SInv}
   (You found it on level 6 of the Dungeon)

   It inflicts extra damage upon your enemies.
   rF:        It protects you from fire.
   rPois:     It protects you from poison.
   SInv:      It lets you see invisible.
Armour
 c - a +0 buckler (worn)
 e - a +0 cloak (worn)
 p - a +0 plate armour (worn)
Scrolls
 b - a scroll of enchant armour {unknown}
 l - a scroll of vulnerability {unknown}
 m - 3 scrolls of magic mapping {unknown}
 o - a scroll of silence {unknown}
Potions
 d - 2 potions of might
 f - 2 potions of curing {unknown}
 g - a potion of magic
 h - a potion of cancellation
 i - 2 potions of haste
 k - a potion of berserk rage {unknown}
 n - a potion of mutation {unknown}


   Skills:
 + Level 5.3 Fighting
 + Level 5.9 Axes
 + Level 5.7 Armour
 - Level 0.1 Dodging
 - Level 0.1 Stealth
 + Level 4.7 Shields
 * Level 3.4 Invocations


You had 7 spell levels left.
You didn't know any spells.
Your spell library contained the following spells:

 Spells                   Type           Power      Damage    Failure   Level
 Eringya's Noxious Bog    Tmut/Pois      0%         N/A       100%        6
 Summon Forest            Summ/Tloc      Unusable   N/A       N/A         5
 Summon Hydra             Summ           Unusable   N/A       N/A         7

Dungeon Overview and Level Annotations

Branches:
Dungeon (5/15)
 Temple: D:4-7

Altars:
Okawaru
Wu Jian
Xom

Shops:
D:1 !

Annotations:
D:6 Blork the orc


Innate Abilities, Weirdness & Mutations

You are immune to sickness and miasma.
Your stone body is resilient. (AC +5)
You are immune to poison.
You resist negative energy. (rN+)
You are resistant to electric shocks. (rElec)
You are resistant to unholy torment.
You are immune to petrification.


Message History

The sentinel's mark upon you fades away.
You block Blork the orc's attack. The ogre hits you with a +0 giant club.
Blork the orc looks braver for a moment.
You closely miss the ogre.
The ogre is moderately wounded.
You hit Blork the orc.
Blork the orc points at you and mumbles some strange words.
The puff of flame hits you but does no damage.
A black bear comes into view.
The ogre hits you with a +0 giant club!
Blork the orc hits you but does no damage.
You closely miss Blork the orc.
Blork the orc is heavily wounded.
You hit the ogre. Blork the orc casts a spell at you.
The magic dart hits you but does no damage.
The ogre hits you with a +0 giant club! Blork the orc hits you with a +0 flail.
Unknown command.
You slash Blork the orc!
Blork the orc is severely wounded.
You closely miss the ogre. Blork the orc casts a spell at you.
The puff of flame hits you but does no damage.
You block the ogre's attack.
Unknown command.
You hit Blork the orc.
Blork the orc is almost dead.
You hit the ogre. You barely miss the adder.
Blork the orc hits you but does no damage.
The adder bites you but does no damage. Blork the orc completely misses you.
The adder bites you but does no damage.
The ogre hits you with a +0 giant club!!
* * * LOW HITPOINT WARNING * * *
You barely miss Blork the orc.
Blork the orc is almost dead.
You hit the adder. You hit the ogre.
Blork the orc hits you but does no damage.
The adder bites you but does no damage.
Blork the orc zaps a wand.
The puff of flame misses you. The ogre hits you with a +0 giant club!
You die...

#......#......#.......
#......#.....##....##.
#......########.... #.
#......#......#... ..
#......'......#.. ..
+......#......#
#......####'###
#......#.....#
#....@†#.....#
#...OoS#.....#
#..h...#.....#
#......#######
#......# #..$...#
#....!.# #......#


You could see Blork the orc (fast), a black bear, an ogre and an adder.

Vanquished Creatures
  Grinder (D:5)
  A water moccasin (D:6)
  An orc warrior (D:4)
  An ogre (D:5)
  A phantom (D:6)
  A scorpion (D:5)
  A wyvern skeleton (D:5)
  3 hounds
  Jessica (D:2)
  A gnoll shaman (D:5)
  An orc wizard (D:4)
  An iguana (D:4)
  A hound zombie (D:5)
  A howler monkey zombie (D:4)
  11 gnolls
  A howler monkey skeleton (D:4)
  6 adders
  3 ufetubi
  An adder zombie (D:5)
  A worm (D:2)
  3 dart slugs
  7 orcs
  8 bats
  8 endoplasms
  2 giant cockroaches
  6 goblins
  2 hobgoblins
  3 quokkas
  4 ball pythons
  2 frilled lizards (D:1)
  6 kobolds
  3 rats
93 creatures vanquished.

Notes
Turn   | Place    | Note
-------+----------+-------------------------------------------
     0 | D:1      | bande the Gargoyle Fighter began the quest for the Orb.
     0 | D:1      | Reached XP level 1. HP: 14/14 MP: 1/1
   150 | D:1      | Reached XP level 2. HP: 19/19 MP: 2/2
   490 | D:1      | Found Neuck's Distillery.
   616 | D:2      | Reached XP level 3. HP: 16/24 MP: 3/3
   735 | D:2      | Noticed Jessica
   748 | D:2      | Killed Jessica
   749 | D:2      | Reached XP level 4. HP: 8/29 MP: 4/4
  1799 | D:3      | You fall into a shaft and drop 1 floor!
  1877 | D:3      | Reached XP level 5. HP: 33/33 MP: 5/5
  2377 | D:3      | Found an iron altar of Okawaru.
  2383 | D:3      | Became a worshipper of Warmaster Okawaru
  2523 | D:3      | Found a shimmering altar of Xom.
  2885 | D:3      | Found a faded altar of an unknown god.
  3777 | D:4      | Reached XP level 6. HP: 27/38 MP: 6/6
  4166 | D:4      | Noticed an orc warrior
  4177 | D:4      | Killed an orc warrior
  4178 | D:4      | Reached skill level 1 in Invocations
  4805 | D:4      | Found an ornate altar of the Wu Jian Council.
  5127 | D:5      | Entered Level 5 of the Dungeon
  5134 | D:5      | Reached * piety under Okawaru
  5137 | D:5      | Reached XP level 7. HP: 41/44 MP: 8/8
  5158 | D:5      | Reached skill level 5 in Armour
  5541 | D:5      | Noticed Grinder
  5547 | D:5      | Paralysed by Grinder for 4 turns
  5554 | D:5      | Paralysed by Grinder for 7 turns
  5572 | D:5      | Reached skill level 5 in Axes
  5798 | D:5      | Paralysed by Grinder for 5 turns
  5808 | D:5      | Paralysed by Grinder for 4 turns
  5819 | D:5      | Killed Grinder
  5820 | D:5      | Reached skill level 5 in Fighting
  5820 | D:5      | Reached XP level 8. HP: 29/49 MP: 8/10
  6221 | D:5      | You fall into a shaft and drop 1 floor!
  6281 | D:6      | Identified the +3 flail "Ecoagaor" {vorpal, rPois rF+ SInv}
  6395 | D:6      | Noticed Blork the orc
  6398 | D:6      | Reached ** piety under Okawaru
  6404 | D:6      | HP: 2/49 [ogre (19)]
  6405 | D:6      | Slain by an ogre

Illustrated notes

Levels and vault maps discovered:
D:1:      minmay_arrival_four_houses, layout_basic, serial_shops,
          nicolae_shop_window_shopping
D:2:      layout_loops_cross, uniq_jessica
D:3:      layout_basic, mainiacjoe_overflow_concentric_impassable,
          mainiacjoe_overflow_six_doors_small, chequers_ecumenical_altar_twisty
D:4:      layout_layer_cave, nicolae_wu_jian_wuxing_cycle
D:5:      layout_cave_pools, minmay_temple_entry_statues_pillars, uniq_grinder
D:6:      layout_gridville, grunt_gozag_statues, uniq_blork_the_orc

Skill      XL: |  1  2  3  4  5  6  7  8 |
---------------+-------------------------+-----
Axes           | 2 3 4 5 |  5.9
Armour         | 4 5 |  5.7
Fighting       | 4 5 |  5.3
Shields        | 4 |  4.7
Invocations    | 1 2 3 |  3.4
Dodging        | |  0.1
Stealth        | |  0.1

Action                   |  1- 3 |  4- 6 |  7- 9 || total
-------------------------+-------+-------+-------++-------
Melee: War axe           |    55 |   215 |   122 ||   392
  Use: Scroll            |     1 |     2 |     1 ||     4
Armor: Scale mail        |    28 |   132 |       ||   160
       Plate armour      |       |    13 |   111 ||   124
Dodge: Dodged            |    28 |   103 |    43 ||   174
Block: Buckler           |    19 |    55 |    29 ||   103

Table legend: (Time is in decaauts)
 A = Elapsed time spent in this place.
 B = Non-inter-level travel time spent in this place.
 C = Inter-level travel time spent in this place.
 D = Time resting spent in this place.
 E = Time spent auto-exploring this place.
 F = Levels seen in this place.
 G = Mean time per level.
                   A        B        C        D        E       F      G
               +--------+--------+--------+--------+--------+-----+--------+
         Total |   6533 |   6520 |     13 |   2092 |   3325 |   6 | 1088.8 |
       Dungeon |   6533 |   6520 |     13 |   2092 |   3325 |   6 | 1088.8 |
               +--------+--------+--------+--------+--------+-----+--------+

Top non-repeatable levels by time:
     D:4: 2484 daAuts
     D:3: 1389 daAuts
     D:2: 1185 daAuts
     D:5: 677 daAuts
     D:1: 606 daAuts
     D:6: 190 daAuts
